 Dungeon Crawl Stone Soup version 0.16-a0-3855-gd2600ac (webtiles) character file.

21 timbw the Sneak (level 3, -2/24 HPs)
             Began as a Human Enchanter on Jan 31, 2015.
             Slain by a giant gecko (5 damage)
             ... on level 4 of the Dungeon.
             The game lasted 00:03:45 (625 turns).

timbw the Sneak (Human Enchanter)                    Turns: 625, Time: 00:03:45

Health: -2/24      AC:  3    Str:  8    XL:     3   Next: 2%
Magic:  4/6        EV: 12    Int: 15    God:
Gold:   72         SH:  0    Dex: 14    Spells: 2 memorised, 3 levels left

rFire  + . .     SeeInvis .     a - +1 dagger
rCold  . . .     Clarity  .     b - +1 robe
rNeg   . . .     SustAb   .     (no shield)
rPois  .         Gourm    .     (no helmet)
rElec  .         Spirit   .     (no cloak)
rCorr  .         Warding  .     (no gloves)
rMut   .         Stasis   .     (no boots)
MR     .....                    (no amulet)
Stlth  ++........               (no ring)
                                l - ring of protection from fire

@: not resistant to hostile enchantments, unstealthy
A: no striking features
a: no special abilities


You were on level 4 of the Dungeon.
You were not hungry.

You visited 1 branch of the dungeon, and saw 5 of its levels.

You collected 72 gold pieces.

Inventory:

Hand weapons
 a - a +1 dagger (weapon)
 m - a +0 falchion
Armour
 b - a +1 robe (worn)
 j - a +0 shield
 o - the +2 robe of the Armoured One {rElec rC+ Str-4 Int-4 SInv, unknown}
   (You found it on level 5 of the Dungeon)

   It affects your strength (-4).
   It affects your intelligence (-4).
   It protects you from cold.
   It insulates you from electricity.
   It enhances your eyesight.
Jewellery
 l - a ring of protection from fire (left hand)
Scrolls
 f - a scroll of teleportation {unknown}
 h - 5 scrolls of amnesia {unknown}
 i - a scroll of noise {unknown}
 k - a scroll of identify {unknown}
 n - a scroll of fog {unknown}
Potions
 e - a potion of restore abilities {unknown}
 g - a potion of heal wounds {unknown}
Books
 c - a book of Maledictions

   Spells                             Type                      Level
   a - Corona                         Hexes                        1
   b - Sure Blade                     Hexes/Charms                 2
   c - Ensorcelled Hibernation        Hexes/Ice                    2
   d - Confuse                        Hexes                        3
   e - Dazzling Spray                 Conjuration/Hexes            3
   f - Enslavement                    Hexes                        4
Comestibles
 d - a bread ration


   Skills:
 - Level 1.6 Short Blades
 + Level 0.2(1.0) Long Blades
 - Level 2.0 Dodging
 - Level 3.3 Stealth
 + Level 2.2 Spellcasting
 + Level 3.1 Hexes
 + Level 0.4 Ice Magic


You had 3 spell levels left.
You knew the following spells:

 Your Spells              Type           Power        Failure   Level  Hunger
a - Corona                Hex            ##.....      8%          1    #......
b - Ensorcelled Hibernat  Hex/Ice        #.....       17%         2    ###....


Dungeon Overview and Level Annotations

Branches:
Dungeon (5/15)
 Temple: D:4-7

Altars:
Trog

Annotations:
D:3 emiel's ghost, average HEIE


Message History

There is a stone staircase leading down here.
A giant gecko comes into view.
The rat closely misses you.
Found a ring mail.
You see here a scroll labeled OKUREEGGOPN.
The orc shouts!
The rat misses you.
A worker ant comes into view.
A giant cockroach comes into view.
Casting: Ensorcelled Hibernation
Confirm with . or Enter, or press ? or * to list all spells.
Aiming: Ensorcelled Hibernation
Press: ? - help, Shift-Dir - straight line, f - rat
Aim: a rat (chance 55%)
The rat looks drowsy...
The helpless rat fails to defend itself.
You puncture the rat!
You kill the rat!
The giant gecko bites you.
You die...

#........#.########.
#.########)# #.# #.#
#.# ##.## #.. #...#
#.# ...# #.# ...#
#.# ###.# . . #@#
###.# #l# ..o.oo #.#
#..lK #.# ... #.#
###.#
a######.#####.>.#
.........o..l.?###
###..########...#
s... ###.#


You could see an orc and a giant gecko.

Vanquished Creatures
  An adder zombie (D:3)
  6 goblins
  A hobgoblin (D:3)
  A quokka (D:5)
  A ball python (D:1)
  3 bats
  A giant gecko skeleton (D:5)
  A giant newt (D:1)
  A kobold (D:2)
  3 rats
19 creatures vanquished.

Notes
Turn   | Place    | Note
--------------------------------------------------------------
     0 | D:1      | timbw, the Human Enchanter, began the quest for the Orb.
     0 | D:1      | Reached XP level 1. HP: 13/13 MP: 3/3
   199 | D:1      | Reached XP level 2. HP: 14/19 MP: 4/4
   207 | D:1      | Learned a level 2 spell: Ensorcelled Hibernation
   414 | D:3      | Noticed emiel's ghost (average HEIE)
   471 | D:3      | Found a bloodstained altar of Trog.
   509 | D:3      | You fall through a shaft for 2 floors!
   509 | D:5      | Entered Level 5 of the Dungeon
   524 | D:5      | Reached XP level 3. HP: 24/24 MP: 0/6
   553 | D:5      | Noticed a centaur
   555 | D:5      | Noticed a centaur
   555 | D:5      | Noticed a phantom
   587 | D:5      | Got an ominously black robe
   587 | D:5      | HP: 1/24 [kobold/whip (3)]
   625 | D:4      | Slain by a giant gecko

Action                   || total
-------------------------++-------
Melee: Dagger            ||    59
 Cast: Corona            ||     3
       Ensorcelled Hiber ||     8
 Stab: Sleeping          ||     7
